 Dungeon Crawl Stone Soup version 0.29.1-15-g9cfb28693d (webtiles) character file.

Game seed: 5847690577376825774

35 hawla the Caller (level 3, -8/26 HPs)
             Began as a Meteoran Summoner on Apr 5, 2023.
             Shot with an arrow by a centaur (9 damage)
             ... on level 4 of the Dungeon.
             The game lasted 00:02:27 (265 turns).

hawla the Caller (Meteoran Summoner)                 Turns: 265, Time: 00:02:27

Health: -8/26      AC:  2    Str:  9    XL:     3   Next: 79%
Magic:  6/8        EV: 12    Int: 19    God:
Gold:   13         SH:  0    Dex: 14    Spells: 4/7 levels left

rFire   . . .      SeeInvis .   f - staff of air
rCold   . . .      Faith    .   (no shield)
rNeg    . . .      Spirit   .   a - +0 robe
rPois   .          Reflect  .   (no helmet)
rElec   +          Harm     .   (no cloak)
rCorr   .          Rampage  .   (no gloves)
Will    .....                   (no boots)
Stlth   +.........              (no amulet)
HPRegen 0.08/turn               (no ring)
MPRegen 0.11/turn               (no ring)

@: glowing
A: sense surroundings 1, otherworldly, glowing, explore regen
a: no special abilities


You were on level 4 of the Dungeon.
You visited 1 branch of the dungeon, and saw 4 of its levels.

You collected 13 gold pieces.

Inventory:

Armour
 a - a +0 robe (worn)
Magical Staves
 f - a staff of air (weapon)
Scrolls
 c - a scroll of teleportation {unknown}
 g - a scroll of silence {unknown}
Potions
 b - 2 potions of magic
 d - 2 potions of attraction {unknown}


   Skills:
 - Level 2.4 Dodging
 - Level 1.4 Stealth
 - Level 2.6 Spellcasting
 - Level 4.8 Summonings
 + Level 2.3 Air Magic
 + Level 2.3 Evocations


You had 4 spell levels left.
You knew the following spells:

 Your Spells              Type           Power      Damage    Failure   Level
a - Summon Small Mammal   Summ           84%        N/A       2%          1
b - Call Imp              Summ           21%        N/A       3%          2

Your spell library contained the following spells:

 Spells                   Type           Power      Damage    Failure   Level
 Call Canine Familiar     Summ           21%        N/A       6%          3
 Summon Guardian Golem    Hex/Summ       11%        N/A       17%         3
 Summon Lightning Spire   Summ/Air       24%        N/A       34%         4


Dungeon Overview and Level Annotations

Branches:
Dungeon (4/15) Zot: 2131
 Temple: D:4-7

Altars:


Innate Abilities, Weirdness & Mutations

You passively map a small area around you.
You are easily found by Zot.
You glow in the dark.
You regain HP and MP as you explore.


Message History

The adder poisons you! The rat barely misses you.
You hit the adder.
The adder is electrocuted.
You kill the adder!
You feel sick.
Your quokka bites the rat.
The rat dies!
Unknown command.
You feel sick.
Found 2 smoky golden potions.
You feel sick.
You feel sick.
Found a plate armour.
You feel sick.
You feel sick.
You are no longer poisoned.
Found a dagger.
Found a leather armour.
d - 2 smoky golden potions You see here a +0 leather armour.
Found a stone staircase leading down.
Your quokka disappears in a puff of smoke!
There is a stone staircase leading down here.
You climb downwards.
Your summoned ally is left behind.
HP restored.
The goblin shouts! x2
The centaur wields a +3 shortbow.
The centaur shoots an arrow.
The arrow misses you.
The arrow barely misses the goblin.
The goblin hits you but does no damage.
Found a pitted sling and 6 stones.
Found an escape hatch in the floor.
Found a stone staircase leading down.
There is a stone staircase leading up here.
Casting: Summon Small Mammal (safe; 2% risk of failure)
Confirm with . or Enter, or press ? or * to list all spells.
The centaur shoots an arrow.
The arrow hits you!
The centaur shoots an arrow.
The arrow barely misses you.
The arrow hits the goblin!
The goblin dies!
Casting: Summon Small Mammal (safe; 2% risk of failure)
Confirm with . or Enter, or press ? or * to list all spells.
The centaur shoots an arrow.
The arrow hits you!
A goblin comes into view. It is wielding a +0 dagger.
The centaur shoots an arrow.
The arrow hits you!
* * * LOW HITPOINT WARNING * * *
The centaur shoots an arrow.
The arrow hits you!
You die...

, * ** , ,, .. ,
, * ., * .##, *
.., * *,..#### ,
... * .....## ,
....####.>.>...
......#.(......
,
...............,
,
...)..)@.......
, , ,
......r........
,,
.#....r........
, #....g........
,,
,#.............,
, ,
g............c.
,
.........#....#
, ,
.........#...##
,


You could see a centaur, 2 goblins, a friendly quokka (summoned) and a friendly
rat (summoned).

Vanquished Creatures
  An adder (D:3)
  A hobgoblin (D:3)
2 creatures vanquished.

Vanquished Creatures (collateral kills)
  An adder (D:3)
  2 dart slugs (D:3)
  2 orcs (D:4)
  2 endoplasms (D:3)
  A hobgoblin (D:3)
  2 rats
10 creatures vanquished.

Vanquished Creatures (others)
  A goblin (D:4)
1 creature vanquished.

Grand Total: 13 creatures vanquished

Notes
Turn   | Place    | Note
-------+----------+-------------------------------------------
     0 | D:1      | hawla the Meteoran Summoner began the quest for the Orb.
     0 | D:1      | Reached XP level 1. HP: 14/14 MP: 5/5
   112 | D:3      | Reached skill level 1 in Air Magic
   112 | D:3      | Reached skill level 1 in Evocations
   112 | D:3      | Reached XP level 2. HP: 7/20 MP: 4/6
   117 | D:3      | HP: 1/20 [poisoned by an adder]
   188 | D:4      | Reached XP level 3. HP: 21/26 MP: 5/8
   202 | D:3      | Learned a level 2 spell: Call Imp
   262 | D:4      | Noticed a centaur
   265 | D:4      | HP: 1/26 [centaur/arrow (9)]
   265 | D:4      | Shot with an arrow by a centaur

Illustrated notes

Levels and vault maps discovered:
D:1:      mrwooster_arrival_statue_2, layout_basic,
          shapermc_ecumenical_altar_petra
D:2:      layout_loops_cross, basic_altar, serial_shops, shop
D:3:      layout_basic, grunt_decor_cap
D:4:      layout_cave_pools, uniq_grinder, uniq_eustachio

Skill      XL: |  1  2  3 |
---------------+----------+-----
Air Magic      | 1 2 |  2.3
Evocations     | 1 2 |  2.3
Dodging        | |  2.4
Stealth        | |  1.4
Spellcasting   | |  2.6
Summonings     | |  4.8

Action                   || total
-------------------------++-------
Melee: Staff             ||    20
 Cast: Summon Small Mamm ||    15
  Use: Potion            ||     2
 Stab: Distracted        ||     1
Armor: Robe              ||     5
Dodge: Dodged            ||    16
